 Dungeon Crawl Stone Soup version 0.30-a0-618-gd6c86c23d0 (webtiles) character file.

Game seed: 12533671275463388397

77252 ders the Warrior (level 15, -17/149 HPs)
             Began as a Minotaur Fighter on Jan 9, 2023.
             Was a High Priest of Okawaru.
             Demolished by Rupert
             ... wielding a +1 battleaxe of flaming
              (29 damage)
             ... on level 12 of the Dungeon.
             The game lasted 00:34:59 (17836 turns).

ders the Warrior (Minotaur Fighter)                Turns: 17836, Time: 00:34:59

Health: -17/149    AC: 22    Str: 35    XL:     15   Next: 14%
Magic:  19/20      EV: 16    Int:  5    God:    Okawaru [*****.]
Gold:   1413       SH:  0    Dex: 10    Spells: 14/14 levels left

rFire   . . .      SeeInvis +    a - +2 war axe (venom)
rCold   . . .      Faith    .    c - +2 buckler
rNeg    . . .      Spirit   .    W - +6 chain mail of Lowkas {rElec Str+4 SInv Stlth-}
rPois   .          Reflect  .    (helmet restricted)
rElec   +          Harm     .    (no cloak)
rCorr   .          Rampage  .    K - +0 pair of gloves {Str+3}
Will    +....                    (no boots) Stlth
                                 o - amulet of regeneration
HPRegen 1.24/turn                f - +5 ring of evasion
MPRegen 0.17/turn                M - ring of flight

@: confused, heroic, flying
A: horns 2, retaliatory headbutt
a: Renounce Religion, Heroism, Finesse, Duel


You were on level 12 of the Dungeon.
You worshipped Okawaru.
Okawaru was extremely pleased with you.
You visited 4 branches of the dungeon, and saw 21 of its levels.
You also visited: Ossuary.

You collected 1972 gold pieces.
You spent 559 gold pieces at shops.

Inventory:

Hand Weapons
 a - a +2 war axe of venom (weapon)
 L - a +2 war axe of flaming
Missiles
 y - 2 silver javelins (quivered)
 S - a throwing net
Armour
 c - a +2 buckler (worn)
 K - a +0 pair of gloves of strength (worn)
 U - the +5 chain mail "Lucseo" {rF+}
   (Okawaru gifted it to you on level 5 of the Lair of Beasts)

   rF:        It protects you from fire.
 V - a +0 plate armour of poison resistance
 W - the +6 chain mail of Lowkas (worn) {rElec Str+4 SInv Stlth-}
   (Okawaru gifted it to you on level 1 of the Orcish Mines)

   Str:       It affects your strength (+4).
   rElec:     It insulates you from electricity.
   SInv:      It lets you see invisible.
   Stlth:     It makes you less stealthy.
Jewellery
 f - a +5 ring of evasion (left hand)
 g - a ring of fire
 m - an amulet of reflection
 o - an amulet of regeneration (around neck)
 I - a ring of ice
 M - a ring of flight (right hand)
Wands
 d - a wand of polymorph (8)
 i - a wand of charming (15)
 p - a wand of mindburst (22)
 T - a wand of flame (22)
 Y - a wand of light (10)
 Z - a wand of roots (4)
Scrolls
 b - 2 scrolls of blinking
 e - 7 scrolls of amnesia
 h - 6 scrolls of poison
 j - 10 scrolls of teleportation
 q - 4 scrolls of vulnerability
 v - 3 scrolls of fog
 x - 4 scrolls of fear
 A - 2 scrolls of enchant weapon
 B - 5 scrolls of identify
 D - a scroll of silence
 P - 2 scrolls of magic mapping
 X - 2 scrolls of enchant armour
Potions
 k - a potion of resistance
 n - 2 potions of attraction
 r - 7 potions of curing
 t - 4 potions of magic
 u - 2 potions of heal wounds
 w - a potion of haste
 z - a potion of ambrosia
 C - 3 potions of brilliance
 H - 4 potions of mutation
 N - 2 potions of flight
 O - 2 potions of degeneration
 R - 3 potions of might
Miscellaneous
 G - a phantom mirror


   Skills:
 * Level 18.2(23.2) Fighting
 * Level 18.0(23.0) Axes
 + Level 13.3(18.3) Armour
 + Level 13.4(18.4) Shields
 + Level 8.1 Invocations


You had 14 spell levels left.
You didn't know any spells.
Your spell library contained the following spells:

 Spells                   Type           Power      Damage    Failure   Level
 Magic Dart               Conj           0%         1d3       82%         1
 Sting                    Tmut/Pois      0%         1d3       82%         1
 Ensorcelled Hibernation  Hex/Ice        0%         N/A       91%         2
 Poisonous Vapours        Pois/Air       0%         N/A       91%         2
 Searing Ray              Conj           0%         2d4       91%         2
 Ignite Poison            Fire/Tmut/Pois 0%         N/A       99%         3
 Kindle Blastsparks       Fire/Tloc/Air  0%         2d10      99%         3
 Ozocubu's Armour         Ice            0%         N/A       99%         3
 Portal Projectile        Hex/Tloc       0%         N/A       99%         3
 Spider Form              Tmut/Pois      0%         N/A       99%         3
 Anguish                  Hex/Necr       0%         N/A       100%        4
 Fulminant Prism          Conj/Hex       0%         3d5       100%        4
 Leda's Liquefaction      Hex/Erth       0%         N/A       100%        4
 Manifold Assault         Tloc           0%         N/A       100%        4
 Olgreb's Toxic Radiance  Pois           0%         N/A       100%        4
 Petrify                  Tmut/Erth      0%         N/A       100%        4
 Fireball                 Conj/Fire      0%         3d3       100%        5
 Freezing Cloud           Conj/Ice/Air   0%         6-21      100%        5
 Iskenderun's Battlesphe  Conj           0%         2d6       100%        5
 Metabolic Englaciation   Hex/Ice        0%         N/A       100%        5
 Yara's Violent Unravell  Hex/Tmut       0%         3d3       100%        5
 Conjure Ball Lightning   Conj/Air       0%         3x3d6     100%        6
 Dispersal                Tloc           0%         N/A       100%        6
 Statue Form              Tmut/Erth      0%         N/A       100%        6
 Enfeeble                 Hex            0%         N/A       100%        7
 Orb of Destruction       Conj           0%         9d5       100%        7
 Ozocubu's Refrigeration  Ice            0%         4d7       100%        7
 Disjunction              Tloc           0%         N/A       100%        8
 Call Canine Familiar     Summ           Unusable   N/A       N/A         3

Dungeon Overview and Level Annotations

Branches:
Dungeon (13/15) Temple (1/1) D:7 Lair (5/5) D:10 Swamp (0/4) Lair:2 Snake (0/4) Lair:3 Slime (0/5) Lair:5 Orc (2/2) D:10 Elf (0/3) Orc:2 Vaults (0/5) D:12 D:13 Ossuary (visited)

Altars:
Ashenzari
Cheibriados
Dithmenos
Elyvilon
Fedhas
Gozag
Hepliaklqana
Kikubaaqudgha
Makhleb
Nemelex Xobeh
Okawaru
Qazlal
Ru
Sif Muna
Trog
Uskayaw
Vehumet
Xom
Yredelemnul
Zin
The Shining One
Jiyva

Shops:
D:12 **[(   Orc:1 [   Orc:2 !(!=

Annotations:
D:6 1 runed translucent door, Crazy Yiuf
D:12 Rupert
D:13 Urug
Temple 2 transporters
Lair:3 1 runed translucent door, DeadOnArrival's ghost, journeyman MiMo
Lair:5 1 runed translucent door, ystael's ghost, journeyman MiFi


Innate Abilities, Weirdness & Mutations

You have a pair of horns on your head.
You reflexively headbutt those who attack you in melee.


Message History

You slash the human!
The human is poisoned.
You slice the human!!
The human looks as sick as possible!
You hit the human.
The human looks as sick as possible!
You closely miss the human.
The human hits you but does no damage. x2; The human closely misses you.
The human hits you but does no damage. Rupert barely misses you.
You hit the human.
The human looks as sick as possible!
The human is severely wounded.
You miss the human. You slash the human! You miss the human.
You barely miss Rupert. The human closely misses you.
The human hits you but does no damage.
Rupert hits you with a +1 battleaxe of flaming!!
Rupert burns you!
The human hits you but does no damage. x2
You slice Rupert!!
Rupert looks as sick as possible!
You headbutt Rupert!
Rupert is heavily wounded.
You slice the human!!
You kill the human!
Okawaru accepts your kill.
You miss the human. You closely miss the human. You hit the human.
You kill the human!
That felt strangely unrewarding.
Rupert hits you with a +1 battleaxe of flaming!!
Rupert burns you!
* * * LOW HITPOINT WARNING * * *
You're too confused to move!
You kill the human!
Okawaru accepts your kill. The human hits you but does no damage.
Rupert hits you with a +1 battleaxe of flaming!!
* * * LOW HITPOINT WARNING * * *
Rupert burns you!
* * * LOW HITPOINT WARNING * * *
You are too confused!
You feel much better.
Rupert hits you with a +1 battleaxe of flaming!
* * * LOW HITPOINT WARNING * * *
Rupert burns you.
* * * LOW HITPOINT WARNING * * *
The human hits you but does no damage.
Rupert hits you with a +1 battleaxe of flaming!!
You die...

#.###..#....#.###.# ##...##.#
#......#.....#.##.# ##..####.#
##....#.#.....##.#.# #..## #.#
.'......##########.# #.## #.#
##.....#....#.# #.#####.######.#
##....#..#..#.## #..............#
#<..##.....##..###.##############
.<..##.....#...†††...(..........#
#..........#...p@@#############.#
.........#....###†##......# #.#
###.#######.###...##.####.# #.#
#.# #.###.####.# #.# #.# #.#
#.....# #.####.# #.#
#.############# #......# #.#
#.........# #####..# #.#
#########.############..# #.#
#)..............# #.#


You could see Rupert (berserk, extremely poisoned) and a human (extremely
poisoned).

Vanquished Creatures
  Gastronok (Lair:2)
  Kirke (D:12)
  3 hydras
  A catoblepas (Lair:5)
  An ice dragon (D:9)
  An ogre mage (Orc:1)
  4 two-headed ogres
  3 death yaks (Lair:5)
  A boulder beetle (Lair:3)
  A tengu warrior (D:12)
  A deep troll shaman (Lair:5)
  6 orc high priests
  Sonja (Lair:5)
  7 orc knights
  A lindwurm (Lair:5)
  Pikel (D:5)
  A phantasmal warrior (Lair:5)
  2 ugly things (D:12)
  5 orc sorcerers (Orc:1)
  A cyclops (Orc:2)
  20 elephants
  12 black mambas
  13 cane toads
  A torpor snail (Lair:5)
  2 unseen horrors
  3 kobold demonologists
  6 komodo dragons
  Maggie (D:7)
  A rime drake (Lair:1)
  A tengu conjurer (D:12)
  7 trolls
  5 polar bears
  13 blink frogs
  5 hornets
  A dream sheep (Lair:1)
  A slime creature (Lair:5)
  A wraith (D:12)
  54 yaks
  A shadow (D:9)
  18 humans
  7 basilisks
  A vampire (D:12)
  5 wyverns
  4 hogs (D:12)
  11 vampire mosquitoes
  9 wargs
  A steam dragon (D:7)
  Menkaure (D:7)
  Edmund (D:6)
  4 nagas (Lair:3)
  15 water moccasins
  2 floating eyes (Orc:1)
  A sky beast (D:7)
  43 orc warriors
  A black bear (Lair:5)
  3 ice beasts
  35 wolves
  5 ogres
  3 centaurs
  A lemure (D:5)
  A phantom (D:6)
  4 kobold brigands
  7 bullfrogs
  2 necrophages (D:7)
  A gnoll sergeant (D:9)
  5 scorpions
  7 wights
  5 killer bees (D:10)
  5 electric eels
  5 howler monkeys
  3 jellies (Lair:5)
  3 hounds
  3 gnoll boudas
  36 orc priests
  7 iguanas
  21 orc wizards
  4 mummies (Ossuary)
  17 gnolls
  6 adders
  A shadow imp (D:5)
  3 white imps
  2 ufetubi
  2 dart slugs
  89 orcs
  5 bats
  6 endoplasms
  5 giant cockroaches
  3 goblins
  6 hobgoblins
  5 quokkas
  8 ball pythons
  8 frilled lizards
  2 gnoll skeletons (Ossuary)
  A gnoll zombie (Ossuary)
  8 goblin skeletons (Ossuary)
  6 goblin zombies
  4 hobgoblin skeletons (Ossuary)
  3 hobgoblin zombies (Ossuary)
  21 kobolds
  6 kobold skeletons (Ossuary)
  3 kobold zombies (Ossuary)
  4 orc skeletons (Ossuary)
  5 orc zombies (Ossuary)
  A quokka zombie (D:7)
  2 rats (D:1)
  A rat skeleton (Ossuary)
  8 rat zombies (Ossuary)
722 creatures vanquished.

Vanquished Creatures (others)
  26 fungi
  67 plants
93 creatures vanquished.

Grand Total: 815 creatures vanquished

Notes
Turn   | Place    | Note
-------+----------+-------------------------------------------
     0 | D:1      | ders the Minotaur Fighter began the quest for the Orb.
     0 | D:1      | Reached XP level 1. HP: 19/19 MP: 0/0
   213 | D:1      | Reached XP level 2. HP: 27/27 MP: 1/1
   345 | D:1      | Found a faded altar of an unknown god.
   623 | D:2      | Reached XP level 3. HP: 26/33 MP: 2/2
   990 | D:2      | Reached XP level 4. HP: 33/41 MP: 3/3
  1232 | D:3      | Noticed a +0 dagger
  1232 | D:3      | Noticed a +0 dagger
  1236 | D:3      | Found a hide-covered altar of Uskayaw.
  1874 | D:4      | Reached XP level 5. HP: 7/57 MP: 4/4
  1880 | D:4      | Reached XP level 6. HP: 37/63 MP: 5/5
  2467 | D:5      | Entered Level 5 of the Dungeon
  2499 | D:5      | Noticed an ice beast
  2507 | D:5      | Killed an ice beast
  2508 | D:5      | Reached XP level 7. HP: 70/70 MP: 6/6
  2667 | D:5      | Found a glowing silver altar of Zin.
  2780 | D:5      | Noticed Pikel
  2791 | D:5      | Killed Pikel
  2792 | D:5      | Reached skill level 10 in Fighting
  2792 | D:5      | Reached XP level 8. HP: 69/79 MP: 7/7
  3127 | D:6      | Reached skill level 10 in Axes
  3348 | D:6      | Noticed Edmund
  3371 | D:6      | Killed Edmund
  3394 | D:6      | Found a basalt altar of Yredelemnul.
  3490 | D:6      | Reached XP level 9. HP: 86/86 MP: 8/8
  3569 | D:6      | Noticed a kobold demonologist
  3597 | D:6      | Noticed an ice devil
  3598 | D:6      | Noticed a hellwing
  3598 | D:6      | Killed a kobold demonologist
  3850 | D:6      | Found a shimmering blue altar of Sif Muna.
  3865 | D:6      | Found a burning altar of Makhleb.
  3975 | D:6      | Found a runed translucent door.
  3976 | D:6      | Noticed Crazy Yiuf
  4232 | D:7      | Noticed Maggie
  4241 | D:7      | Noticed Menkaure
  4250 | D:7      | Killed Maggie
  4252 | D:7      | Killed Menkaure
  4369 | D:7      | Found a staircase to the Ecumenical Temple.
  4402 | Temple   | Entered the Ecumenical Temple
  4402 | Temple   | Found a transporter.
  4402 | Temple   | Found a transporter.
  4404 | Temple   | Found a transporter.
  4404 | Temple   | Found a transporter.
  4424 | Temple   | Became a worshipper of Warmaster Okawaru
  4546 | D:7      | Found a sand-covered staircase.
  4553 | Ossuary  | Entered an ossuary
  5948 | D:8      | Reached XP level 10. HP: 73/97 MP: 9/9
  6300 | D:8      | Reached * piety under Okawaru
  6542 | D:9      | Noticed a two-headed ogre
  6549 | D:9      | Killed a two-headed ogre
  6662 | D:9      | Reached ** piety under Okawaru
  6978 | D:9      | Noticed a two-headed ogre
  6979 | D:9      | Noticed a boulder beetle
  6983 | D:9      | Killed a two-headed ogre
  6987 | D:9      | a boulder beetle changed into an ice dragon
  6987 | D:9      | Noticed an ice dragon
  7125 | D:9      | Killed an ice dragon
  7125 | D:9      | Reached *** piety under Okawaru
  7281 | D:10     | Entered Level 10 of the Dungeon
  7425 | D:10     | Identified the +3 scale mail of Privacy {rElec Int+4}
  7437 | D:10     | Reached XP level 11. HP: 106/106 MP: 10/10
  7457 | D:10     | Noticed a two-headed ogre
  7465 | D:10     | Killed a two-headed ogre
  7482 | D:10     | Reached skill level 1 in Invocations
  7527 | D:10     | Found a staircase to the Orcish Mines.
  7540 | D:10     | Reached **** piety under Okawaru
  7722 | D:10     | Noticed a sixfirhy
  7792 | D:10     | Found a staircase to the Lair.
  7813 | D:10     | Reached skill level 10 in Shields
  7820 | D:10     | Identified the +3 ring mail "Omuhydd" {Dex+2}
  7834 | Lair:1   | Entered Level 1 of the Lair of Beasts
  7857 | Lair:1   | Reached ***** piety under Okawaru
  7947 | Lair:1   | Reached skill level 10 in Armour
  8177 | Lair:1   | Received a gift from Okawaru
  8188 | Lair:1   | Reached XP level 12. HP: 63/117 MP: 10/13
  8472 | Lair:1   | Noticed an eight-headed hydra
  8484 | Lair:1   | Killed a 14-headed hydra
  9056 | Lair:2   | Noticed Gastronok
  9071 | Lair:2   | Killed Gastronok
  9114 | Lair:2   | Identified the +9 shortbow of Honour {drain, +Blink Dex+4}
  9221 | Lair:2   | Reached skill level 15 in Fighting
  9344 | Lair:2   | Found a staircase to the Swamp.
  9828 | Lair:3   | Reached skill level 15 in Axes
  9841 | Lair:3   | Reached skill level 5 in Invocations
 10004 | Lair:3   | Received a gift from Okawaru
 10063 | Lair:3   | Found a staircase to the Snake Pit.
 10066 | Lair:3   | Noticed a five-headed hydra
 10081 | Lair:3   | Found a runed translucent door.
 10081 | Lair:3   | Noticed DeadOnArrival's ghost (journeyman MiMo)
 10081 | Lair:3   | Noticed a boulder beetle
 10369 | Lair:3   | Noticed a boulder beetle
 10385 | Lair:3   | Killed a boulder beetle
 10386 | Lair:3   | Reached XP level 13. HP: 124/127 MP: 15/15
 10623 | Lair:3   | Reached ****** piety under Okawaru
 11489 | Lair:4   | Received a gift from Okawaru
 12054 | Lair:5   | Entered Level 5 of the Lair of Beasts
 12346 | Lair:5   | Identified the +5 chain mail "Lucseo" {rF+} (Okawaru gifted
                  | it to you on level 5 of the Lair of Beasts)
 12346 | Lair:5   | Received a gift from Okawaru
 12347 | Lair:5   | Noticed Sonja
 12450 | Lair:5   | Killed Sonja
 12650 | Lair:5   | Found a viscous altar of Jiyva.
 12657 | Lair:5   | Found a staircase to the Slime Pits.
 12782 | Lair:5   | Reached XP level 14. HP: 136/138 MP: 17/17
 12814 | Lair:5   | Identified the +9 trident "Ledom" {flame, rPois rN+}
 13083 | Lair:5   | Found a runed translucent door.
 13084 | Lair:5   | Noticed ystael's ghost (journeyman MiFi)
 13586 | Lair:5   | Identified the +8 great sword of the Bear {freeze, Fragile
                  | rN+ Dex+8}
 13711 | Lair:5   | Found a runed translucent door.
 14034 | Orc:1    | Entered Level 1 of the Orcish Mines
 14066 | Orc:1    | Identified the +6 chain mail of Lowkas {rElec Str+4 SInv
                  | Stlth-} (Okawaru gifted it to you on level 1 of the Orcish
                  | Mines)
 14066 | Orc:1    | Received a gift from Okawaru
 14305 | Orc:1    | Paralysed by an orc sorcerer for 5 turns
 14517 | Orc:2    | Entered Level 2 of the Orcish Mines
 15017 | Orc:2    | Found a staircase to the Elven Halls.
 15530 | Orc:2    | Found Loafih's Distillery.
 15533 | Orc:2    | Found Gasiemad's Distillery.
 15534 | Orc:2    | Found Duigg's Jewellery Boutique.
 15535 | Orc:2    | Found Huon's Antique Weapon Boutique.
 15539 | Orc:2    | Bought a potion of heal wounds for 65 gold pieces
 15539 | Orc:2    | Bought a potion of curing for 39 gold pieces
 15542 | Orc:2    | Bought 2 potions of curing for 66 gold pieces
 15542 | Orc:2    | Bought 2 potions of heal wounds for 110 gold pieces
 15662 | Orc:1    | Found Qyast's Armour Shoppe.
 15667 | Orc:1    | Paralysed by an orc sorcerer for 2 turns
 15828 | Orc:1    | Received a gift from Okawaru
 17047 | D:12     | Found Hus Jail's Armour Shop.
 17189 | D:12     | Found Hoen's Antique Weapon Shop.
 17223 | D:12     | Reached XP level 15. HP: 145/149 MP: 19/19
 17309 | D:12     | Found Vakhy's General Store.
 17316 | D:12     | Bought a scroll of teleportation for 33 gold pieces
 17316 | D:12     | Bought a scroll of teleportation for 33 gold pieces
 17316 | D:12     | Bought a scroll of teleportation for 33 gold pieces
 17738 | D:12     | Found Hepaiw's Assorted Antiques.
 17746 | D:12     | Bought a scroll of blinking for 180 gold pieces
 17775 | D:13     | Noticed Urug
 17775 | D:13     | Noticed Rupert
 17775 | D:13     | Noticed Kirke
 17775 | D:13     | Found a gate to the Vaults.
 17811 | D:12     | Killed Kirke
 17824 | D:13     | Paralysed by Rupert for 3 turns
 17835 | D:12     | HP: 2/149 [Rupert/+1 battleaxe of flaming (14)]
 17836 | D:12     | Demolished by Rupert

Illustrated notes

Levels and vault maps discovered:
D:1:      saegor_arrival_miasma, layout_basic,
          ebering_ecumenical_altar_sacrificial
D:2:      layout_basic, kennysheep_nub, feat_on_display
D:3:      layout_basic, dancing_weapons_uskayaw
D:4:      layout_rooms, dreamdust_wishing_well
D:5:      layout_basic, mainiacjoe_overflow_tiny_flanked, minmay_lizard_king,
          uniq_pikel
D:6:      cheibrodos_two_vegetables, layout_cave_pools,
          grunt_temple_overflow_open, grunt_ministairs_15,
          mrwooster_statue_mirror, uniq_edmund, uniq_crazy_yiuf_cottage
D:7:      layout_basic, minmay_temple_entry_ruins, enter_ossuary_4,
          grunt_decor_junction, uniq_maggie, uniq_menkaure
D:8:      layout_layer_cave, serial_glass, glass_columns_b, glass_columns_c,
          glass_columns_b, glass_columns_c, glass_columns_c
D:9:      layout_rooms, nicolae_wwwww, minmay_fractal_squares_gapless_5
D:10:     layout_long_grid, david_lair_shrubbed, david_orc_1_choice,
          dk_noncrumbling_2, nicolae_titane
D:11:     layout_roguey
D:12:     layout_basic, serial_shops, shop, nicolae_shop_trees, shop_statue,
          shop, hangedman_abyss_or_decor_jellyfish_corner, drop_trap
D:13:     layout_basic, david_vaults_3, uniq_urug, uniq_maurice, uniq_kirke
Temple:   hellmonk_temple_divided_pantheon
Lair:1:   layout_roguey, hangedman_lair_generics_rect, grunt_megastairs_1
Lair:2:   layout_gridlike, minmay_swamp_entry_swarm, lemuel_fruit_fields,
          uniq_gastronok
Lair:3:   layout_loops_ring, guppyfry_snake_entry_garden,
          ebering_ghost_inner_flame
Lair:4:   layout_long_grid, serial_bayou_shore_b
Lair:5:   grunt_lair_end_beastmaster, layout_long_grid,
          minmay_slime_entry_pillars, ebering_ghost_reflecting_pool,
          pdpol_lair_cabin_in_the_woods, lemuel_fruit_tree,
          serial_bayou_shore_b, grunt_megastairs_2, uniq_sonja
Orc:1:    hellmonk_paralyzer, layout_caves, serial_shops, shop_statue,
          special_room [special_room_orc], nooodl_orcs_dogs
Orc:2:    st_orc_pillars, layout_caves, basic_altar

Skill      XL: |  1  2  3  4  5  6  7  8  9 10 11 12 13 14 15 |
---------------+----------------------------------------------+-----
Fighting       | 4 9 10 11 12 14 15 16 18 | 18.2
Axes           | 3 8 9 10 11 12 13 15 16 17 18 | 18.0
Shields        | 4 6 7 8 9 10 11 12 13 | 13.4
Armour         | 4 6 7 8 9 10 11 12 13 | 13.3
Invocations    | 3 5 6 7 8 |  8.1

Action                   |  1- 3 |  4- 6 |  7- 9 | 10-12 | 13-15 || total
-------------------------+-------+-------+-------+-------+-------++-------
Melee: War axe           |    65 |    64 |   316 |   495 |   821 ||  1761
       Headbutt          |     6 |     6 |    54 |   123 |   178 ||   367
       Flail             |       |       |       |     2 |    23 ||    25
Throw: Throwing net      |       |       |       |     2 |       ||     2
Invok: Heroism           |       |       |       |     4 |     8 ||    12
       Finesse           |       |       |       |     1 |     3 ||     4
Evoke: Wand              |       |       |     4 |    13 |     2 ||    19
  Use: Potion            |       |     5 |     2 |     4 |     5 ||    16
       Scroll            |       |       |     9 |    19 |    11 ||    39
 Stab: Petrified         |       |       |       |       |     1 ||     1
Armor: Scale mail        |    35 |    28 |    80 |    31 |       ||   174
       Skin              |       |     7 |       |       |       ||     7
       Plate armour      |       |       |       |   211 |   164 ||   375
       Chain mail        |       |       |       |       |   269 ||   269
Dodge: Dodged            |    31 |    29 |   213 |   292 |   530 ||  1095
Block: Buckler           |    14 |    18 |    75 |   155 |   402 ||   664

Table legend: (Time is in decaauts)
 A = Elapsed time spent in this place.
 B = Non-inter-level travel time spent in this place.
 C = Inter-level travel time spent in this place.
 D = Time resting spent in this place.
 E = Time spent auto-exploring this place.
 F = Levels seen in this place.
 G = Mean time per level.
                   A        B        C        D        E       F      G
               +--------+--------+--------+--------+--------+-----+--------+
         Total |  17660 |  16416 |   1244 |   1891 |  11029 |  22 |  802.7 |
       Dungeon |   9594 |   8750 |    844 |    614 |   6612 |  13 |  738.0 |
        Temple |     37 |     24 |     13 |      0 |      0 |   1 |   37.0 |
          Lair |   5793 |   5496 |    297 |    817 |   3480 |   5 | 1158.6 |
  Orcish Mines |   1896 |   1807 |     89 |    460 |    780 |   2 |  948.0 |
       Ossuary |    338 |    338 |      0 |      0 |    156 |   1 |  338.0 |
               +--------+--------+--------+--------+--------+-----+--------+

Top non-repeatable levels by time:
  Lair:5: 1619 daAuts
  Lair:4: 1258 daAuts
     D:6: 1204 daAuts
    D:10: 1165 daAuts
  Lair:1: 1162 daAuts
   Orc:1: 1093 daAuts
     D:7: 1017 daAuts
     D:8: 967 daAuts
  Lair:3: 889 daAuts
  Lair:2: 865 daAuts
   Orc:2: 803 daAuts
    D:12: 795 daAuts
     D:3: 780 daAuts
     D:9: 773 daAuts
     D:5: 676 daAuts
